 Dungeon Crawl Stone Soup version 0.20-a0-16-g0876c8e (webtiles) character file.

11077 Lochraine the Martial Artist (level 11, -1/75 HPs)
             Began as an Octopode Transmuter on Nov 3, 2016.
             Was a High Priest of Hepliaklqana.
             Shot with an arrow by a minotaur (8 damage)
             ... in a labyrinth.
             The game lasted 01:08:58 (13141 turns).

Lochraine the Martial Artist (Octopode Transmuter) Turns: 13141, Time: 01:08:58

Health: -1/75      AC: 18    Str: 15    XL:     11   Next: 72%
Magic:  20/30      EV: 13    Int: 18    God:    Hepliaklqana [*****.]
Gold:   240        SH:  0    Dex: 15    Spells: 6 memorised, 10 levels left

rFire  + . .     SeeInvis .       - Unarmed
rCold  + + +     Gourm    .     (shield currently unavailable)
rNeg   . . .     Faith    .     (helmet currently unavailable)
rPois  +         Spirit   .     (no amulet)
rElec  .         Reflect  .     h - ring of protection from fire
rCorr  .         Harm     .     s - +2 ring of intelligence
MR     .....                    N - +4 ring of protection
Stlth  +++.......               P - ring of protection from cold
                                R - ring of magical power
                                T - ring of protection from fire
                                (no ring)
                                (no ring)

@: mighty, icy armour, ice-form, very slightly contaminated, hasted, very quick
A: almost no armour, stealthy swim, amphibious, 8 rings, (constrict 8), reduced
essence, (camouflage 0), (gelatinous body 0)
a: End Transformation, Recall Ancestor, Ancestor Identity, Transference,
Idealise, Renounce Religion


You were in a labyrinth.
You worshipped Hepliaklqana.
Hepliaklqana was extremely pleased with you.
You were not hungry.
You were a creature of crystalline ice.
You visited 2 branches of the dungeon, and saw 12 of its levels.
You also visited: Labyrinth.

You collected 610 gold pieces.
You spent 370 gold pieces at shops.

Inventory:

Hand Weapons
 j - a +4 quarterstaff
 J - a +1 long sword of holy wrath
 M - a +2 scimitar of flaming
Missiles
 a - 90 arrows
Armour
 r - a +2 large shield of protection
 Q - a +0 buckler (melded)
Jewellery
 h - a ring of protection from fire (left front paw)
 s - a +2 ring of intelligence (right front paw)
 N - a +4 ring of protection (on tentacle)
 P - a ring of protection from cold (on tentacle)
 R - a ring of magical power (on tentacle)
 T - a ring of protection from fire (on tentacle)
Wands
 e - a wand of teleportation (5/9)
 q - a wand of iceblast (6/15)
 x - a wand of iceblast (4/15)
 D - a wand of disintegration (6/24)
 K - a wand of digging (13/24)
 S - a wand of random effects (28/48)
Scrolls
 g - 7 scrolls of remove curse
 i - 3 scrolls of teleportation
 o - 4 scrolls of identify
 p - a scroll of immolation
 v - 2 scrolls of amnesia
 y - 2 scrolls of magic mapping
 B - 2 scrolls of enchant weapon {unknown}
 F - 2 scrolls of blinking
 G - a scroll of recharging
 I - a scroll of acquirement {unknown}
 O - a scroll of summoning {unknown}
 U - a scroll of fear {unknown}
 X - a scroll of fog {unknown}
Potions
 m - 2 potions of curing
 n - 4 potions of magic
 u - 4 potions of lignification
 w - 2 potions of flight
 z - 3 potions of brilliance
 L - 2 potions of cancellation {unknown}
 V - 2 potions of resistance {unknown}
 Y - a potion of invisibility {unknown}
Books
 b - a book of Changes

   Spells                             Type                      Level
   a - Beastly Appendage              Transmutation                1
   b - Sticks to Snakes               Transmutation                2
   c - Spider Form                    Transmutation/Poison         3
   d - Ice Form                       Ice/Transmutation            4
   e - Blade Hands                    Transmutation                5
 l - a book of Conjurations

   Spells                             Type                      Level
   a - Magic Dart                     Conjuration                  1
   b - Searing Ray                    Conjuration                  2
   c - Dazzling Spray                 Conjuration/Hexes            3
   d - Fulminant Prism                Conjuration/Hexes            4
   e - Iskenderun's Mystic Blast      Conjuration                  4
   f - Iskenderun's Battlesphere      Conjuration/Charms           5
 A - a book of Necromancy

   Spells                             Type                      Level
   a - Pain                           Necromancy                   1
   b - Animate Skeleton               Necromancy                   1
   c - Vampiric Draining              Necromancy                   3
   d - Regeneration                   Charms/Necromancy            3
   e - Animate Dead                   Necromancy                   4
   f - Control Undead                 Necromancy                   4
 W - a book of Frost

   Spells                             Type                      Level
   a - Freeze                         Ice                          1
   b - Throw Frost                    Conjuration/Ice              2
   c - Ozocubu's Armour               Charms/Ice                   3
   d - Throw Icicle                   Conjuration/Ice              4
   e - Summon Ice Beast               Ice/Summoning                4
Comestibles
 c - 12 bread rations
 f - 3 fruits
 t - 6 slices of pizza
 C - 4 meat rations
 H - a beef jerky


   Skills:
 + Level 4.7 Fighting
 + Level 5.9 Dodging
 - Level 6.6 Stealth
 - Level 4.6 Shields
 + Level 8.5 Unarmed Combat
 - Level 7.2 Spellcasting
 + Level 1.7 Charms
 - Level 2.2 Necromancy
 - Level 7.7 Transmutations
 - Level 7.0 Ice Magic
 - Level 0.4 Evocations


You had 10 spell levels left.
You knew the following spells:

 Your Spells              Type           Power        Failure   Level  Hunger
a - Beastly Appendage     Tmut           ####..       1%          1    None
b - Sticks to Snakes      Tmut           ####....     1%          2    None
c - Spider Form           Tmut/Pois      ###.......   10%         3    #......
d - Animate Skeleton      Necr           N/A          4%          1    None
e - Ice Form              Ice/Tmut       ####....     6%          4    ###....
f - Ozocubu's Armour      Chrm/Ice       ###.....     6%          3    #......


Dungeon Overview and Level Annotations

Branches:
Dungeon (11/15)            Temple (0/1) D:5            Lair (1/6) D:11
    Orc: D:9-12

Altars:
Ashenzari
Elyvilon
Fedhas
Hepliaklqana
Makhleb
Nemelex Xobeh
Okawaru
Ru
Trog
Uskayaw
Xom
Zin

Shops:
D:4 !*=   D:5 [   D:10 ?

Annotations:
D:2 Sigmund
D:10 Sonja


Innate Abilities, Weirdness & Mutations

You cannot wear most types of armour.
You are very stealthy in the water. (Stealth+)
You are amphibious.
You can wear up to eight rings at the same time.
((You can use your tentacles to constrict eight enemies at once.))
((Your skin changes colour to match your surroundings (Stealth+).))
((Your rubbery body absorbs attacks. (AC +1, EV +1)))
Your life essence is reduced. (-10% HP)


Message History

Confirm with . or Enter, or press ? or * to list all spells.
You create a snake!
You now have 92 arrows.
Casting: Sticks to Snakes
Confirm with . or Enter, or press ? or * to list all spells.
You create 2 snakes!
You now have 90 arrows.
You punch the minotaur! You freeze the minotaur!
The minotaur is moderately wounded.
The minotaur shoots an arrow.
The arrow barely misses you. What are your orders? t - Shout!
Orders for allies: a - Attack new target. p - Attack previous target. r - Retreat! s - Stop attacking. g - Guard the area. f - Follow me.
Anything else - Cancel.
Gang up on whom?
Press: ? - help, Dir - move target cursor, f/p - minotaur
Aim: a minotaur, wielding a shortbow of velocity and wearing fire dragon scales (moderately wounded) Attack!
The minotaur shoots an arrow.
The arrow hits you!!
* * * LOW HITPOINT WARNING * * *
You die...

# . ### # # ## ##.
. .#. ..#.. #.#
###.#.## # #.
...#.#.#.(... ###.
.###.#...# # #.
........SS.# # #
.# #######Y##.# .
.#8 8[8.8#....#
##..#<...(.(HS.###
#. #8: :8.8#......
..#########..#####
# .. . .....# #. #
.#.# ##### # .. #
.#. # . #


You could see a minotaur, 2 friendly adders and a friendly ball python.

Vanquished Creatures
  Urug (D:11)
  The ghost of Nuatha the Cruncher, a journeyman VSWn of Qazlal (D:11)
  A spiny frog (Lair:1)
  A komodo dragon (Lair:1)
  Prince Ribbit (D:5)
  A hippogriff (D:9)
  5 yaks (D:9)
  A hungry ghost (D:8)
  A soldier ant (D:10)
  A water moccasin (Lair:1)
  An ice beast (D:11)
  5 orc warriors
  5 porcupines (D:11)
  2 sky beasts
  A necrophage (D:10)
  2 ogres
  An eye of draining (D:10)
  2 centaurs
  4 wolves (D:8)
  A big kobold (D:10)
  6 bullfrogs
  4 scorpions
  6 killer bees
  A howler monkey (D:9)
  A bullfrog zombie (D:6)
  2 crimson imps
  6 hounds
  A jelly (D:9)
  7 orc priests
  2 bullfrog skeletons
  9 orc wizards
  12 iguanas
  Ijyb (D:2)
  2 worker ants
  A hound skeleton (D:5)
  A worker ant zombie (D:5)
  4 gnolls
  9 adders
  5 river rats
  An ooze (D:3)
  An adder skeleton (D:5)
  A worm (D:3)
  15 leopard geckos
  40 orcs
  2 ball pythons
  7 giant cockroaches
  4 goblins
  6 hobgoblins
  5 jackals
  8 kobolds
  8 quokkas
  7 bats
  8 frilled lizards
  7 rats
238 creatures vanquished.

Vanquished Creatures (collateral kills)
  Erica (D:8)
  A hill giant (D:11)
  Grinder (D:4)
  2 hippogriffs
  A spriggan (D:7)
  Grum (D:8)
  A hungry ghost (D:9)
  A porcupine (D:11)
  A necrophage (D:8)
  3 orc warriors
  2 ice beasts
  3 sky beasts
  A black bear (D:8)
  An ogre (D:5)
  A crocodile (D:11)
  2 bullfrogs
  A wyvern skeleton (D:11)
  A scorpion (D:7)
  2 killer bees
  A hound (D:5)
  3 orc priests
  A jelly (D:5)
  2 worker ants (D:9)
  8 orc wizards
  A hound zombie (D:5)
  A worker ant zombie (D:10)
  4 gnolls
  3 adders
  A leopard gecko (D:8)
  17 orcs
  A goblin (D:3)
  A bat (D:3)
  3 kobolds (D:10)
  A rat (D:3)
75 creatures vanquished.

Vanquished Creatures (others)
  A sky beast (D:9)
  An orc wizard (D:9)
  7 hexers
  An ancestor (D:3)
  An orc (D:9)
11 creatures vanquished.

Grand Total: 324 creatures vanquished

Notes
Turn   | Place    | Note
-------+----------+-------------------------------------------
     0 | D:1      | Lochraine the Octopode Transmuter began the quest for the Orb.
     0 | D:1      | Reached XP level 1. HP: 13/13 MP: 3/3
   395 | D:1      | Reached XP level 2. HP: 18/18 MP: 3/5
   629 | D:1      | Reached skill level 1 in Stealth
   770 | D:1      | Learned a level 2 spell: Sticks to Snakes
   920 | D:2      | Found a hide-covered altar of Uskayaw.
   962 | D:2      | Found a faded altar of an unknown god.
   962 | D:2      | Noticed Sigmund
   964 | D:2      | Reached XP level 3. HP: 23/23 MP: 4/6
  1159 | D:2      | Found a burning altar of Makhleb.
  1159 | D:2      | Found a hazy altar of Hepliaklqana.
  1558 | D:2      | Found a white marble altar of Elyvilon.
  1624 | D:2      | Found a shimmering altar of Xom.
  1626 | D:2      | Found a shimmering altar of Xom.
  1663 | D:2      | Learned a level 3 spell: Spider Form
  1882 | D:2      | Became a worshipper of Hepliaklqana the Forgotten
  2011 | D:2      | Noticed Ijyb
  2032 | D:2      | Killed Ijyb
  2032 | D:2      | Reached XP level 4. HP: 25/25 MP: 7/7
  2473 | D:3      | Found a faded altar of an unknown god.
  2473 | D:3      | Found a bloodstained altar of Trog.
  2478 | D:3      | Found a sparkling altar of Nemelex Xobeh.
  2480 | D:3      | Found a faded altar of an unknown god.
  2482 | D:3      | Found a faded altar of an unknown god.
  2583 | D:3      | Found a shattered altar of Ashenzari.
  2836 | D:3      | Reached XP level 5. HP: 28/29 MP: 8/8
  3027 | D:3      | Reached skill level 4 in Unarmed Combat
  3271 | D:3      | Found a bloodstained altar of Trog.
  3384 | D:3      | Noticed an ogre
  3443 | D:3      | Killed an ogre
  3443 | D:3      | Reached skill level 1 in Shields
  3443 | D:3      | Reached XP level 6. HP: 16/34 MP: 9/9
  3729 | D:4      | Found Qaxadodd's Jewellery Boutique.
  3735 | D:4      | Bought a cursed +2 ring of intelligence for 49 gold pieces
  3776 | D:4      | Found a sacrificial altar of Ru.
  3778 | D:4      | Reached * piety under Hepliaklqana
  3822 | D:4      | Noticed Grinder
  3831 | D:4      | Killed Grinder
  3831 | D:4      | Reached skill level 5 in Stealth
  3831 | D:4      | Reached skill level 5 in Unarmed Combat
  3831 | D:4      | Reached XP level 7. HP: 16/38 MP: 10/10
  4437 | D:4      | Found Zurphua's General Store.
  4445 | D:4      | Bought a scroll of remove curse for 33 gold pieces
  4445 | D:4      | Bought a scroll of identify for 22 gold pieces
  4445 | D:4      | Bought a potion of brilliance for 44 gold pieces
  4657 | D:4      | Found a glowing silver altar of Zin.
  4756 | D:4      | Found Himp's Distillery.
  4759 | D:4      | Bought a potion of degeneration for 11 gold pieces
  4759 | D:4      | Bought a potion of curing for 33 gold pieces
  4806 | D:5      | Entered Level 5 of the Dungeon
  4838 | D:5      | Reached ** piety under Hepliaklqana
  4839 | D:5      | Remembered your ancestor Tiberia as a hexer
  4874 | D:5      | Learned a level 1 spell: Animate Skeleton
  4913 | D:5      | Noticed Prince Ribbit
  4935 | D:5      | Killed Prince Ribbit
  4935 | D:5      | Reached skill level 1 in Necromancy
  5231 | D:5      | Found a blossoming altar of Fedhas.
  5235 | D:5      | Found a staircase to the Ecumenical Temple.
  5256 | D:5      | Reached XP level 8. HP: 25/43 MP: 9/12
  5611 | D:5      | Learned a level 4 spell: Ice Form
  5653 | D:5      | Reached skill level 1 in Ice Magic
  5755 | D:5      | Found Ceus's Antique Armour Shop.
  6797 | D:7      | Reached skill level 5 in Transmutations
  6829 | D:7      | Reached XP level 9. HP: 38/47 MP: 15/15
  7103 | D:7      | Reached *** piety under Hepliaklqana
  7776 | D:8      | Reached skill level 5 in Spellcasting
  7792 | D:8      | Noticed Erica
  7801 | D:8      | Killed Erica
  7815 | D:8      | Noticed Grum
  7833 | D:8      | Reached skill level 5 in Ice Magic
  7853 | D:8      | Killed Grum
  7853 | D:8      | Reached XP level 10. HP: 19/52 MP: 18/18
  8057 | D:8      | Found an iron altar of Okawaru.
  8589 | D:8      | Reached skill level 6 in Unarmed Combat
 10062 | D:9      | Reached **** piety under Hepliaklqana
 10291 | D:10     | Entered Level 10 of the Dungeon
 10339 | D:10     | Reached skill level 7 in Unarmed Combat
 10559 | D:10     | Found Ulu Tol's Magic Scroll Emporium.
 10567 | D:10     | Bought a scroll of blinking for 127 gold pieces
 10567 | D:10     | Bought a scroll of teleportation for 51 gold pieces
 10638 | D:10     | Reached XP level 11. HP: 57/57 MP: 21/21
 10664 | D:10     | Found a flagged portal.
 10665 | D:10     | Noticed Sonja
 11756 | D:11     | Noticed Urug
 11766 | D:11     | Noticed Nuatha's ghost (journeyman VSWn)
 11769 | D:11     | Killed Urug
 12101 | D:11     | Killed Nuatha's ghost
 12101 | D:11     | Reached skill level 5 in Dodging
 12133 | D:11     | Reached ***** piety under Hepliaklqana
 12138 | D:11     | Found a sacrificial altar of Ru.
 12256 | D:11     | Noticed a hill giant
 12268 | D:11     | Killed a hill giant
 12268 | D:11     | Reached skill level 8 in Unarmed Combat
 12604 | D:11     | Learned a level 3 spell: Ozocubu's Armour
 12676 | D:11     | Reached skill level 1 in Charms
 12687 | D:11     | Found a staircase to the Lair.
 12760 | D:11     | Noticed a hill giant
 12812 | Lair:1   | Entered Level 1 of the Lair of Beasts
 12888 | Lair:1   | Found a labyrinth entrance.
 12925 | Lab      | Entered a labyrinth
 13118 | Lab      | Noticed a minotaur
 13141 | Lab      | Shot with an arrow by a minotaur

Vault maps used:
D:1:      onia_arrival_mini_spirals, minmay_misc_feat_rows, minivault_24
D:2:      xom_redecorated, eat_drink_and_be_merry_uskayaw,
          overflow_temple_1_default, chequers_temple_overflow_statue_of_worship,
          ecumenical_altar_2, item_on_display_b, uniq_iyjb, uniq_sigmund
D:3:      lemuel_round_altar, chequers_temple_overflow_minitemple,
          gup_sewer_entry_bubbles, grunt_decor_cap, dk_noncrumbling_2,
          trog_butcher_becter
D:4:      old_standard_altar, marbit_many_paths, first_bread, serial_shops,
          shop, kennysheep_mini_moat, shop, uniq_grinder
D:5:      lemuel_doored_altar, minmay_shop_grid_forest,
          hangedman_minor_gate_pass, uniq_prince_ribbit1
D:6:      hex_medium, hex_intersection, serial_park_tiny_pond
D:7:      the_bakery
D:8:      kennysheep_little_box, abandoned_shop, uniq_erica, uniq_grum
D:10:     enter_bailey_2, serial_shops, nicolae_shop_crystal, uniq_sonja
D:11:     minmay_lair_entry_grove, kennysheep_orc_monster_closet_entryway,
          nicolae_ru_awakened_eye, uniq_urug
Lair:1:   lemuel_reptile_caves, lab_entry_generic
Lab:      nicolae_lab_dead_adventurers

Skill      XL: |  1  2  3  4  5  6  7  8  9 10 11 |
---------------+----------------------------------+-----
Stealth        | 1 2 4 5 6 |  6.6
Transmutations | 3 5 6 7 |  7.7
Unarmed Combat | 4 5 7 8 |  8.5
Shields        | 1 2 4 |  4.6
Dodging        | 3 4 5 |  5.9
Necromancy     | 1 2 |  2.2
Spellcasting   | 3 4 5 7 |  7.2
Ice Magic      | 3 5 7 |  7.0
Fighting       | 4 |  4.7
Charms         | 1 |  1.7
Evocations     | |  0.4

Action                   |  1- 3 |  4- 6 |  7- 9 | 10-12 || total
-------------------------+-------+-------+-------+-------++-------
Melee: Unarmed           |    83 |   113 |   120 |   348 ||   664
       Constrict         |    24 |    25 |    44 |    15 ||   108
       Kick              |    15 |       |     5 |       ||    20
       Tentacles         |    16 |    22 |    34 |    13 ||    85
       Punch             |       |     1 |     5 |     3 ||     9
       Long sword        |       |       |    64 |    17 ||    81
 Cast: Beastly Appendage |    20 |       |     5 |       ||    25
       Sticks to Snakes  |     4 |       |    15 |    29 ||    48
       Animate Skeleton  |       |       |     7 |    50 ||    57
       Spider Form       |       |       |     2 |       ||     2
       Ice Form          |       |       |       |    32 ||    32
       Ozocubu's Armour  |       |       |       |     4 ||     4
Invok: Ancestor Identity |     1 |       |       |       ||     1
       Ancestor Life: He |       |       |     1 |       ||     1
       Recall Ancestor   |       |       |     1 |     3 ||     4
 Abil: End Transformatio |       |       |       |     2 ||     2
Evoke: Wand              |       |     3 |     3 |    16 ||    22
  Use: Scroll            |     2 |     1 |     4 |     9 ||    16
       Potion            |       |       |     3 |     8 ||    11
 Stab: Sleeping          |     8 |    12 |    12 |     7 ||    39
       Confused          |       |       |     5 |     2 ||     7
       Distracted        |       |       |     1 |     7 ||     8
  Eat: Chunk             |     2 |     6 |     6 |    19 ||    33
       Beef jerky        |     1 |       |     1 |     2 ||     4
       Meat ration       |       |       |     1 |       ||     1
       Royal jelly       |       |       |       |     1 ||     1
Armor: Skin              |     2 |    25 |    11 |   115 ||   153
Dodge: Dodged            |    44 |    32 |   101 |   203 ||   380
Block: Large shield      |     6 |    58 |    16 |       ||    80
       Buckler           |       |       |    14 |     9 ||    23
       Rpst.: Long sword |       |       |     9 |     3 ||    12
